 Dungeon Crawl Stone Soup version 0.26-a0-660-gc07710193c (webtiles) character file.

Game seed: 18378608290088270378

2158 droidtality the Chopper (level 9, -6/75 HPs)
             Began as a Ghoul Fighter on Oct 6, 2020.
             Was a Follower of Makhleb.
             Mangled by a gnoll shaman
             ... wielding a +0 halberd
              (8 damage)
             ... in a bailey.
             The game lasted 00:08:08 (6964 turns).

droidtality the Chopper (Ghoul Fighter)             Turns: 6964, Time: 00:08:08

Health: -6/75      AC: 15    Str: 29    XL:     9   Next: 31%
Magic:  8/8        EV:  6    Int:  3    God:    Makhleb [*.....]
Gold:   365        SH: 10    Dex:  8    Spells: 8/8 levels left

rFire    . . .     SeeInvis +   r - +0 hand axe "Rafisat" {flame, rElec rN++ MR- SInv} (curse)
rCold    + . .     Faith    .   c - +0 kite shield
rNeg     + + +     Spirit   .   g - +0 plate armour
rPois    ∞         Reflect  .   (no helmet)
rElec    +         Harm     .   (no cloak)
rCorr    .         Rampage  .   (no gloves)
MR       .....                  w - +1 pair of boots
Stlth    ..........             (no amulet)
HPRegen  0.00/turn              u - +4 ring of slaying
MPRegen  0.11/turn              d - +6 ring of strength

@: glowing
A: rotting body, claws 1, cold resistance 1, negative energy resistance 3,
inhibited regeneration, torment resistance, unbreathing
a: Renounce Religion


You were in a bailey.
You worshipped Makhleb.
Makhleb was aware of your devotion.
You visited 2 branches of the dungeon, and saw 8 of its levels.
You also visited: Bailey.

You collected 365 gold pieces.

Inventory:

Hand Weapons
 a - a +0 war axe
 r - the cursed +0 hand axe "Rafisat" (weapon) {flame, rElec rN++ MR- SInv}
   (You found it on level 4 of the Dungeon)

   It has been specially enchanted to burn those struck by it, causing extra
   injury to most foes and up to half again as much damage against particularly
   susceptible opponents.
   Big, fiery blades are also staple armaments of hydra-hunters.
   It insulates you from electricity.
   It greatly protects you from negative energy.
   It affects your resistance to hostile enchantments.
   It lets you see invisible.
   It has a curse placed upon it.
Armour
 c - a +0 kite shield (worn)
 g - a +0 plate armour (worn)
 w - a +1 pair of boots (worn)
Jewellery
 d - a +6 ring of strength (right claw)
 j - a cursed ring of teleportation {unknown}
 u - a +4 ring of slaying (left claw)
Scrolls
 f - a scroll of magic mapping
 i - 3 scrolls of enchant armour
 m - 3 scrolls of blinking
 n - 4 scrolls of teleportation
 q - 2 scrolls of amnesia
Potions
 b - 3 potions of brilliance
 e - 3 potions of curing
 l - a potion of haste
 o - a potion of heal wounds
 s - a potion of mutation {unknown}
 v - a potion of stabbing {unknown}


   Skills:
 + Level 5.8 Fighting
 + Level 6.9 Axes
 + Level 6.4 Armour
 + Level 1.0 Dodging
 + Level 2.1 Stealth
 + Level 5.2 Shields


You had 8 spell levels left.
You didn't know any spells.
Your spell library was empty.

Dungeon Overview and Level Annotations

Branches:
Dungeon (7/15)             Temple (1/1) D:6          Bailey (1/1)

Altars:
Ashenzari
Cheibriados
Dithmenos
Elyvilon
Gozag
Hepliaklqana
Kikubaaqudgha
Makhleb
Nemelex Xobeh
Okawaru
Qazlal
Ru
Sif Muna
Trog
Uskayaw
Vehumet
Wu Jian
Xom
Zin
The Shining One

Shops:
D:4 [


Innate Abilities, Weirdness & Mutations

Your body is rotting away.
You thrive by killing the living.
You are immune to poison.
You have sharp fingernails.
Your flesh is cold resistant. (rC+)
You are immune to negative energy. (rN+++)
You do not regenerate when monsters are visible.
You are immune to unholy pain and torment.
You can survive without breathing.


Message History

The gnoll shaman hits you but does no damage.
Unknown command.
You block the gnoll's attack.
Items here: ( ) [ †.
You block the gnoll's attack.
There is an open door here.
The gnoll shaman barely misses you.
Things that are here:
a +0 glaive; a +0 chain mail; a gnoll skeleton Unknown command.
You feel yourself slow down.
The gnoll shaman calls upon its god to heal something.
There is an open door here.
There is an open door here.
A gnoll sergeant is nearby!
The gnoll shaman mumbles some strange prayers to its god.
The gnoll shaman is healed somewhat.
The gnoll shaman hits you but does no damage.
The gnoll shaman hits you with a +0 halberd!
You die...

♣♣.....))........♣♣
♣♣≈≈≈≈≈≈≈..)≈≈≈≈≈≈≈♣
♣≈≈......)........≈≈
♣≈.......).........≈
♣≈.######'')######.≈
♣≈.# .#...#.
♣≈#####'#)).#'#####
♣≈#.....#...#.....#
♣≈#8))).##'##.g@.8#
♣≈#.)..##)))##....#
♣≈#.).##..g..##...#
♣≈#.).#..g....#...#
###'#...8...#...#
♣≈#...#..g....#g..#≈♣
♣≈#...##.....##...#≈♣
♣≈#....##...##g...#≈♣
♣≈#8..).##'##)...8#≈♣


You could see a gnoll sergeant and 2 gnoll shamans.

Vanquished Creatures
  A manticore (D:6)
  A sky beast (D:6)
  2 ogres (D:5)
  A phantom (D:4)
  2 centaurs
  A bullfrog (D:6)
  6 gnoll sergeants (Bailey)
  A howler monkey (D:4)
  4 gnoll shamans (Bailey)
  3 hounds
  2 orc priests
  6 orc wizards
  An iguana (D:3)
  2 worker ants (D:5)
  3 adders
  17 gnolls
  3 oozes
  An adder skeleton (D:4)
  A worm (D:2)
  4 dart slugs
  2 leopard geckos
  12 orcs
  A ball python (D:5)
  4 giant cockroaches
  6 goblins
  11 hobgoblins
  3 jackals (D:1)
  4 quokkas
  12 bats
  3 frilled lizards
  4 kobolds
  7 rats
131 creatures vanquished.

Notes
Turn   | Place    | Note
-------+----------+-------------------------------------------
     0 | D:1      | droidtality the Ghoul Fighter began the quest for the Orb.
     0 | D:1      | Reached XP level 1. HP: 19/19 MP: 0/0
     2 | D:1      | Noticed a demonspawn
     4 | D:1      | Noticed a troll
     6 | D:1      | Noticed an ogre
     6 | D:1      | Noticed a human
     8 | D:1      | Noticed a ghoul
     8 | D:1      | Noticed a minotaur
    10 | D:1      | Noticed an octopode
    12 | D:1      | Noticed a vine stalker
    12 | D:1      | Noticed a naga
    14 | D:1      | Noticed a gargoyle
    14 | D:1      | Noticed a spriggan
    16 | D:1      | Noticed an elf
    18 | D:1      | Noticed a tengu
    18 | D:1      | Noticed a halfling
    20 | D:1      | Noticed a demigod
    20 | D:1      | Noticed a centaur
    22 | D:1      | Noticed a merfolk
    22 | D:1      | Noticed a felid
    24 | D:1      | Noticed a vampire
    24 | D:1      | Noticed a formicid
    26 | D:1      | Noticed a draconian
    26 | D:1      | Noticed a dwarf
   142 | D:1      | Reached XP level 2. HP: 26/26 MP: 1/1
   378 | D:1      | Reached XP level 3. HP: 25/31 MP: 2/2
  1241 | D:2      | Reached XP level 4. HP: 40/40 MP: 3/3
  1336 | D:2      | Found a snail-covered altar of Cheibriados.
  1932 | D:3      | Found a glowing silver altar of Zin.
  2283 | D:4      | Found Zifosk's Antique Armour Shoppe.
  2427 | D:3      | Reached XP level 5. HP: 19/46 MP: 4/4
  2913 | D:4      | Noticed a phantom
  2987 | D:4      | Killed a phantom
  2987 | D:4      | Reached XP level 6. HP: 18/52 MP: 5/5
  3293 | D:4      | Found a hazy altar of Hepliaklqana.
  3293 | D:4      | Found an ornate altar of the Wu Jian Council.
  3293 | D:4      | Found an iron altar of Okawaru.
  3693 | D:4      | Got a polished hand axe
  3694 | D:4      | Identified the cursed +0 hand axe "Rafisat" {flame, rElec
                  | rN++ MR- SInv} (You found it on level 4 of the Dungeon)
  4234 | D:5      | Entered Level 5 of the Dungeon
  4324 | D:5      | Found a sparkling altar of Nemelex Xobeh.
  4373 | D:5      | Reached XP level 7. HP: 15/59 MP: 6/6
  4604 | D:5      | Found a shadowy altar of Dithmenos.
  4657 | D:5      | Reached skill level 5 in Axes
  4985 | D:5      | Found an opulent altar of Gozag.
  5058 | D:6      | Found a staircase to the Ecumenical Temple.
  5097 | D:6      | Reached skill level 5 in Armour
  5103 | Temple   | Entered the Ecumenical Temple
  5291 | Temple   | Became a worshipper of Makhleb the Destroyer
  5619 | D:6      | Reached XP level 8. HP: 66/66 MP: 7/7
  5809 | D:6      | Found the +3 giant club "Skullcrusher" {speed, Str+7}
  5855 | D:6      | Found a shimmering blue altar of Sif Muna.
  5873 | D:6      | Noticed a manticore
  5886 | D:6      | Killed a manticore
  6440 | D:7      | Reached skill level 5 in Fighting
  6459 | D:7      | Reached skill level 1 in Stealth
  6474 | D:7      | Found a flagged portal.
  6482 | Bailey   | Entered a bailey
  6570 | Bailey   | Reached XP level 9. HP: 37/74 MP: 8/8
  6786 | Bailey   | Reached skill level 5 in Shields
  6811 | Bailey   | Reached * piety under Makhleb
  6883 | Bailey   | Reached skill level 1 in Dodging
  6939 | Bailey   | HP: 1/75 [gnoll/+0 halberd (8)]
  6964 | Bailey   | Mangled by a gnoll shaman

Illustrated notes

Levels and vault maps discovered:
D:1:      kb_arrival_jail, layout_basic
D:2:      layout_loops_ring, marbit_many_paths
D:3:      layout_rooms, lemuel_doored_altar
D:4:      layout_layer_cave, gammafunk_temple_overflow_claw, serial_shops, shop
D:5:      layout_rooms, kennysheep_mini_moat, nemelex_altar_shiori,
          grunt_dithmenos_smoke_and_mirrors
D:6:      layout_basic, nicolae_overflow_hidden_temple,
          minmay_temple_entry_sparse_star, minmay_microvault
D:7:      layout_basic, yredelemnul_altar_generic, enter_bailey_3,
          elyvilon_altar_5
Temple:   minmay_temple_bridge_abc
Bailey:   bailey_polearm_gnolls_kennysheep, bailey

Skill      XL: |  1  2  3  4  5  6  7  8  9 |
---------------+----------------------------+-----
Axes           | 2 3 4 5 6 |  6.9
Armour         | 3 4 5 6 |  6.4
Shields        | 3 4 5 |  5.2
Fighting       | 4 5 |  5.8
Stealth        | 1 2 |  2.1
Dodging        | 1 |  1.0

Action                   |  1- 3 |  4- 6 |  7- 9 || total
-------------------------+-------+-------+-------++-------
Melee: War axe           |   102 |   164 |       ||   266
       Hand axe          |       |    13 |   204 ||   217
  Use: Scroll            |       |     6 |     6 ||    12
       Potion            |       |     1 |     4 ||     5
 Stab: Invisible         |       |       |     8 ||     8
Armor: Scale mail        |     9 |       |       ||     9
       Plate armour      |    47 |   101 |   129 ||   277
Dodge: Dodged            |    26 |    30 |    70 ||   126
Block: Kite shield       |    46 |    88 |   137 ||   271

Table legend: (Time is in decaauts)
 A = Elapsed time spent in this place.
 B = Non-inter-level travel time spent in this place.
 C = Inter-level travel time spent in this place.
 D = Time resting spent in this place.
 E = Time spent auto-exploring this place.
 F = Levels seen in this place.
 G = Mean time per level.
                   A        B        C        D        E       F      G
               +--------+--------+--------+--------+--------+-----+--------+
         Total |   7086 |   6654 |    432 |   1446 |   4040 |   9 |  787.3 |
       Dungeon |   6407 |   6013 |    394 |   1267 |   3830 |   7 |  915.3 |
        Temple |    211 |    173 |     38 |      0 |    171 |   1 |  211.0 |
        Bailey |    467 |    467 |      0 |    179 |     39 |   1 |  467.0 |
               +--------+--------+--------+--------+--------+-----+--------+

Top non-repeatable levels by time:
     D:4: 1696 daAuts
     D:1: 1156 daAuts
     D:6: 1113 daAuts
     D:5: 834 daAuts
     D:2: 759 daAuts
     D:3: 741 daAuts
  Bailey: 467 daAuts
  Temple: 211 daAuts
     D:7: 105 daAuts
